 Dungeon Crawl Stone Soup version 0.30-a0-465-g8901f6c8b5 (webtiles) character file.

Game seed: 1525025724093312184

185 kurumiz the Poker (level 5, -1/45 HPs)
             Began as a Minotaur Gladiator on Dec 18, 2022.
             Slain by an orc
             ... wielding a +0 dagger
              (3 damage)
             ... on level 3 of the Dungeon.
             The game lasted 00:08:17 (2785 turns).

kurumiz the Poker (Minotaur Gladiator)              Turns: 2785, Time: 00:08:18

Health: -1/45      AC:  4    Str: 21    XL:     5   Next: 37%
Magic:  4/4        EV: 12    Int:  5    God:
Gold:   135        SH:  0    Dex: 11    Spells: 2/4 levels left

rFire   . . .      SeeInvis .    z - +0 morningstar
rCold   . . .      Faith    +    (no shield)
rNeg    . . .      Spirit   .    b - +0 leather armour
rPois   +          Reflect  .    c - +0 hat
rElec   .          Harm     .    (no cloak)
rCorr   .          Rampage  .    (no gloves)
Will    .....                    v - +0 pair of boots {Fly}
Stlth   +.........               n - amulet of faith
HPRegen 0.27/turn                k - ring of poison resistance
MPRegen 0.09/turn                (no ring)

@: flying
A: horns 2, retaliatory headbutt
a: no special abilities


You were on level 3 of the Dungeon.
You visited 1 branch of the dungeon, and saw 3 of its levels.

You collected 135 gold pieces.

Inventory:

Hand Weapons
 a - a +0 trident
 z - a +0 morningstar (weapon)
Missiles
 d - 3 throwing nets (quivered)
 e - a javelin
Armour
 b - a +0 leather armour (worn)
 c - a +0 hat (worn)
 v - a +0 pair of boots of flying (worn)
Jewellery
 k - a ring of poison resistance (left hand)
 n - an amulet of faith (around neck)
Scrolls
 f - a scroll of amnesia {unknown}
 h - a scroll of enchant weapon {unknown}
 j - a scroll of vulnerability {unknown}
 m - 4 scrolls of teleportation {unknown}
 o - a scroll of blinking {unknown}
 q - a scroll of magic mapping {unknown}
 s - a scroll of acquirement {unknown}
 t - a scroll of fear {unknown}
 u - a scroll of brand weapon {unknown}
 w - a scroll of enchant armour {unknown}
 y - a scroll of fog {unknown}
Potions
 g - 4 potions of curing {unknown}
 i - 2 potions of might {unknown}
 l - 2 potions of heal wounds {unknown}
 p - a potion of berserk rage {unknown}
 r - a potion of cancellation {unknown}
 x - a potion of degeneration {unknown}


   Skills:
 + Level 3.5 Fighting
 + Level 0.1 Maces & Flails
 + Level 5.4 Polearms
 + Level 2.1 Throwing
 + Level 2.6 Armour
 + Level 3.9 Dodging
 + Level 0.3 Stealth


You had 2 spell levels left.
You knew the following spells:

 Your Spells              Type           Power      Damage    Failure   Level
a - Cigotuvi's Dreadful   Necr/Pois/Air  0%         N/A       67%         2

Your spell library contained the following spells:

 Spells                   Type           Power      Damage    Failure   Level
 Call Canine Familiar     Summ           0%         N/A       88%         3
 Portal Projectile        Hex/Tloc       0%         N/A       88%         3
 Dispel Undead            Necr           0%         3d6       99%         4
 Leda's Liquefaction      Hex/Erth       0%         N/A       99%         4
 Death Channel            Necr           0%         N/A       100%        6


Dungeon Overview and Level Annotations

Branches:
Dungeon (3/15)

Altars:


Innate Abilities, Weirdness & Mutations

You have a pair of horns on your head.
You reflexively headbutt those who attack you in melee.


Message History

* * * LOW HITPOINT WARNING * * *
Something hits you but does no damage.
You closely miss something. Something hits you but does no damage.
Something hits you.
* * * LOW HITPOINT WARNING * * *
An orc wizard appears from thin air!
Reactivating autopickup.
You closely miss the orc wizard.
The orc wizard hits you but does no damage. x2
You barely miss the orc wizard. You headbutt the orc wizard!
The orc wizard is heavily wounded.
The orc wizard misses you.
You closely miss the orc wizard. You headbutt the orc wizard.
The orc wizard is severely wounded.
The orc wizard hits you but does no damage. x2
You closely miss the orc wizard.
You headbutt the orc wizard, but do no damage.
The orc wizard is severely wounded.
The orc wizard hits you but does no damage.
You miss the orc wizard.
The orc wizard is severely wounded.
The orc wizard hits you with a +0 dagger.
The orc wizard points at you and mumbles some strange words.
The magic dart hits you.
* * * LOW HITPOINT WARNING * * *
You closely miss the orc wizard. Your headbutt misses the orc wizard.
The orc wizard is severely wounded.
The orc wizard gestures at you while chanting.
The magic dart hits you!
* * * LOW HITPOINT WARNING * * *
You hit the orc wizard but do no damage.
You headbutt the orc wizard, but do no damage.
The orc wizard is severely wounded.
The orc wizard hits you with a +0 dagger.
* * * LOW HITPOINT WARNING * * *
The orc wizard barely misses you.
You puncture the orc wizard!
You kill the orc wizard!
You closely miss the orc. The orc hits you with a +0 dagger.
You die...

#.......# #†# ##### #.....###
#.# ####### #.# #######.#
######### ########.......#
#...o...#
.......#.#####.######o#####.#
######>#.# #.......##.# #.# #
####.#.###....##.##.#####o# #
#.............@o.......##.# #
#.##<#.###....##.##.##.##)#
###.##.#.###.#.###.##...o)..#
##.....#...........#####.####
..)....#######.##### #.#
##.....# ##'## #o ##.....#
#ol.# #. ##.....# #..o..# #.
###.### #....o..# #.


You could see an orc.

Vanquished Creatures
  2 orc priests (D:3)
  An orc wizard (D:3)
  2 adders (D:2)
  3 worms (D:2)
  3 dart slugs (D:2)
  An orc (D:3)
  4 endoplasms
  3 giant cockroaches
  7 goblins
  5 hobgoblins
  7 jackals (D:1)
  5 quokkas
  9 ball pythons
  4 bats
  4 frilled lizards (D:1)
  5 rats
65 creatures vanquished.

Notes
Turn   | Place    | Note
-------+----------+-------------------------------------------
     0 | D:1      | kurumiz the Minotaur Gladiator began the quest for the Orb.
     0 | D:1      | Reached XP level 1. HP: 18/18 MP: 0/0
    64 | D:1      | Reached skill level 4 in Polearms
    64 | D:1      | Reached XP level 2. HP: 19/25 MP: 1/1
   579 | D:1      | Reached skill level 1 in Armour
   585 | D:1      | Reached XP level 3. HP: 29/30 MP: 2/2
   996 | D:2      | Learned a level 2 spell: Cigotuvi's Dreadful Rot
  1160 | D:2      | Identified the +1 leather armour "Ilopp" {rF++ rN+ Int-2
                  | Dex+4}
  1344 | D:2      | Reached XP level 4. HP: 34/38 MP: 3/3
  2639 | D:3      | Reached skill level 5 in Polearms
  2756 | D:3      | Reached XP level 5. HP: 24/45 MP: 4/4
  2782 | D:3      | HP: 2/45 [orc wizard/magic dart (7)]
  2785 | D:3      | Slain by an orc

Illustrated notes

Levels and vault maps discovered:
D:1:      spicycebolla_green_bress_n_ham, layout_basic
D:2:      layout_basic
D:3:      layout_loops_corners, nicolae_uskayaw_murder_on_the_dancefloor,
          lemuel_round_altar, kennysheep_small_spiral,
          chequers_serial_rivers_micro_c

Skill      XL: |  1  2  3  4 |
---------------+-------------+-----
Polearms       | 4 5 |  5.4
Armour         | 1 2 |  2.6
Fighting       | 3 |  3.5
Maces & Flails | |  0.1
Throwing       | |  2.1
Dodging        | |  3.9
Stealth        | |  0.3

Action                   |  1- 3 |  4- 6 || total
-------------------------+-------+-------++-------
Melee: Trident           |   101 |    44 ||   145
       Headbutt          |    15 |    11 ||    26
       Punch             |     1 |       ||     1
       Morningstar       |       |    19 ||    19
 Stab: Sleeping          |     1 |     1 ||     2
Armor: Leather armour    |    13 |    13 ||    26
Dodge: Dodged            |    48 |    26 ||    74

Table legend: (Time is in decaauts)
 A = Elapsed time spent in this place.
 B = Non-inter-level travel time spent in this place.
 C = Inter-level travel time spent in this place.
 D = Time resting spent in this place.
 E = Time spent auto-exploring this place.
 F = Levels seen in this place.
 G = Mean time per level.
                   A        B        C        D        E       F      G
               +--------+--------+--------+--------+--------+-----+--------+
         Total |   2805 |   2459 |    346 |      0 |   1974 |   3 |  935.0 |
       Dungeon |   2805 |   2459 |    346 |      0 |   1974 |   3 |  935.0 |
               +--------+--------+--------+--------+--------+-----+--------+

Top non-repeatable levels by time:
     D:2: 1187 daAuts
     D:1: 988 daAuts
     D:3: 629 daAuts
